 Dungeon Crawl Stone Soup version 0.17-a0-1468-gbf503c2 (webtiles) character file.

483 ztt the Purveyor of Pain (level 6, -3/32 HPs)
             Began as a Deep Elf Necromancer on July 1, 2015.
             Was an Initiate of Kikubaaqudgha.
             Slain by a hound (6 damage)
             ... on level 4 of the Dungeon.
             The game lasted 00:17:34 (6556 turns).

ztt the Purveyor of Pain (Deep Elf Necromancer)     Turns: 6556, Time: 00:17:35

Health: -3/32      AC:  5    Str:  5    XL:     6   Next: 88%
Magic:  5/16       EV:  8    Int: 22    God:    Kikubaaqudgha [......]
Gold:   179        SH:  0    Dex: 15    Spells: 6 memorised, 0 levels left

rFire  . . .     SeeInvis .     i - +0 dagger
rCold  . . .     Clarity  .     a - +1 robe
rNeg   . . .     SustAt   .     (no shield)
rPois  .         Gourm    .     h - +0 helmet
rElec  .         Spirit   .     (no cloak)
rCorr  +         Warding  .     q - +0 pair of gloves
rMut   .         Stasis   .     (no boots)
MR     .....                    n - amulet of resist corrosion
Stlth  +++.......               (no ring)
                                (no ring)

@: not resistant to hostile enchantments, fairly stealthy
A: no striking features
a: Renounce Religion


You were on level 4 of the Dungeon.
You worshipped Kikubaaqudgha.
Kikubaaqudgha was noncommittal.
You were not hungry.

You visited 2 branches of the dungeon, and saw 6 of its levels.

You collected 179 gold pieces.

Inventory:

Hand weapons
 i - a +0 dagger (weapon)
Armour
 a - a +1 robe (worn)
 h - a +0 helmet (worn)
 q - a +0 pair of gloves (worn)
Jewellery
 n - an amulet of resist corrosion (around neck)
Magical devices
 g - a wand of magic darts (38)
Scrolls
 e - a scroll of noise
 l - 3 scrolls of fog
 r - a scroll of fear
 u - a scroll of blinking
Potions
 d - 3 potions of heal wounds
 f - 2 potions of haste {unknown}
 j - 2 potions of curing {unknown}
 k - 2 potions of might {unknown}
 m - a potion of brilliance {unknown}
 p - a potion of lignification
 s - 2 potions of flight {unknown}
 t - a potion of poison {unknown}
 v - a potion of cancellation {unknown}
 w - 2 potions of magic {unknown}
Books
 b - a book of Necromancy

   Spells                             Type                      Level
   a - Pain                           Necromancy                   1
   b - Animate Skeleton               Necromancy                   1
   c - Vampiric Draining              Necromancy                   3
   d - Regeneration                   Charms/Necromancy            3
   e - Animate Dead                   Necromancy                   4
   f - Control Undead                 Necromancy                   4
Comestibles
 c - 2 bread rations
 o - 2 meat rations


   Skills:
 + Level 0.1 Fighting
 + Level 0.6 Short Blades
 + Level 3.2 Dodging
 * Level 5.2 Stealth
 + Level 5.9 Spellcasting
 + Level 7.1 Necromancy


You couldn't memorise any spells.
You knew the following spells:

 Your Spells              Type           Power        Failure   Level  Hunger
a - Pain                  Necr           ####         1%          1    None
b - Animate Skeleton      Necr           N/A          1%          1    None
c - Vampiric Draining     Necr           #####.....   1%          3    #......
d - Regeneration          Chrm/Necr      ###.......   8%          3    #......
e - Animate Dead          Necr           N/A          6%          4    ###....
f - Control Undead        Necr           #####.....   6%          4    ###....


Dungeon Overview and Level Annotations

Branches:
Dungeon (5/15)             Temple (1/1) D:4

Altars:
Ashenzari
Cheibriados
Dithmenos
Elyvilon
Fedhas
Gozag
Kikubaaqudgha
Makhleb
Nemelex Xobeh
Okawaru
Qazlal
Ru
Sif Muna
Vehumet
Xom
Yredelemnul
Zin
The Shining One

Annotations:
D:2 Sigmund
D:4 Grinder; Purgy; pulse's ghost, average FoBe


Message History

Press: ? - help, Shift-Dir - straight line, f/p - ogre
Aim: an ogre, wielding a giant club (almost dead, chance to defeat MR: 84%)
The ogre convulses in agony!
The ogre closely misses you.
A hound comes into view.
Casting: Pain
Confirm with . or Enter, or press ? or * to list all spells.
Aiming: Pain
Press: ? - help, Shift-Dir - straight line, f/p - ogre
Aim: an ogre, wielding a giant club (almost dead, chance to defeat MR: 84%)
The ogre convulses in agony!
The hound barks!
There is a stone staircase leading up here.
The hound bites you.
* * * LOW HITPOINT WARNING * * *
The hound misses you. The hound completely misses you.
There is a stone staircase leading up here.
The hound bites you.
You die...
Kikubaaqudgha rasps: "You have failed me!
Welcome... death!"

.........#......#
#.##.... .#....)⌠...#
##.....#. #.##.....##
#...#....
#.###..######.#(..#..
#.# ##.#.............
#.###..[..<...######.
#.....#.......### #.
#.#..##..##.....# #.
#.##@hO.##...##.# ##
#.###...##(####.#####
#.##....##..###.....#
.....##.#....## ###..
#..........##.[.....#
#..
#..5.......###......#
#...# #.?........#
#.)...>##..##
#..........#
##....#...#
#..........#
##..##.######


You could see an ogre and a hound.

Vanquished Creatures
  An ogre (D:3)
  A scorpion (D:5)
  A jelly (D:5)
  2 orc priests
  A giant frog skeleton (D:4)
  3 worker ants
  A worker ant zombie (D:5)
  4 adders
  A worm (D:5)
  2 giant geckos (D:1)
  7 orcs
  10 bats
  A bat skeleton (D:5)
  A bat zombie (D:5)
  5 giant cockroaches
  11 goblins
  8 hobgoblins
  5 jackals
  A quokka (D:2)
  2 ball pythons
  A giant gecko zombie (D:4)
  6 giant newts
  6 kobolds
  12 rats
93 creatures vanquished.

Vanquished Creatures (collateral kills)
  A crimson imp (D:5)
  A hobgoblin (D:5)
2 creatures vanquished.

Grand Total: 95 creatures vanquished

Notes
Turn   | Place    | Note
--------------------------------------------------------------
     0 | D:1      | ztt the Deep Elf Necromancer began the quest for the Orb.
     0 | D:1      | Reached XP level 1. HP: 10/10 MP: 6/6
   116 | D:1      | Reached skill level 5 in Necromancy
   119 | D:1      | Learned a level 1 spell: Animate Skeleton
   504 | D:1      | Reached XP level 2. HP: 7/15 MP: 4/8
  1644 | D:2      | Reached XP level 3. HP: 15/19 MP: 6/9
  1649 | D:2      | Learned a level 3 spell: Vampiric Draining
  1653 | D:2      | Learned a level 3 spell: Regeneration
  1875 | D:2      | Noticed Sigmund
  2359 | D:3      | Found a stormy altar of Qazlal.
  2376 | D:3      | Found a shattered altar of Ashenzari.
  2378 | D:3      | Found a burning altar of Makhleb.
  2380 | D:3      | Found a sacrificial altar of Ru.
  2380 | D:3      | Found a shadowy altar of Dithmenos.
  2380 | D:3      | Found a snail-covered altar of Cheibriados.
  2990 | D:4      | Noticed Purgy
  3104 | D:4      | Noticed pulse's ghost (average FoBe)
  3164 | D:4      | Noticed an ogre
  3167 | D:4      | Noticed an ogre
  3170 | D:3      | Reached XP level 4. HP: 11/24 MP: 2/12
  3281 | D:3      | Reached skill level 6 in Necromancy
  3573 | D:3      | Noticed an ogre
  3632 | D:3      | Killed an ogre
  3632 | D:3      | Reached skill level 5 in Spellcasting
  3632 | D:3      | Reached XP level 5. HP: 26/28 MP: 0/14
  3846 | D:4      | Learned a level 4 spell: Animate Dead
  3872 | D:4      | Noticed Grinder
  3981 | D:5      | Entered Level 5 of the Dungeon
  4602 | D:5      | Reached XP level 6. HP: 26/32 MP: 10/15
  5446 | D:5      | Noticed an ogre
  5523 | D:4      | Reached skill level 7 in Necromancy
  5991 | D:4      | Found a staircase to the Ecumenical Temple.
  6018 | D:4      | Reached skill level 5 in Stealth
  6045 | Temple   | Entered the Ecumenical Temple
  6130 | Temple   | Became a worshipper of Kikubaaqudgha
  6136 | Temple   | Learned a level 4 spell: Control Undead
  6556 | D:4      | Slain by a hound

Vault maps used:
D:1:      dpeg_arrival_radiant
D:2:      uniq_sigmund
D:3:      grunt_temple_overflow_open, minivault_5, st_stairs_11
D:4:      temple_fountains, uniq_grinder, uniq_purgy, uniq_blork_the_orc
D:5:      first_bread, kennysheep_another_room
Temple:   circular_temple_12

Action                   |  1- 3 |  4- 6 || total
-------------------------+-------+-------++-------
Melee: Dagger            |     6 |   177 ||   183
 Cast: Pain              |    88 |    99 ||   187
       Animate Skeleton  |     6 |       ||     6
       Regeneration      |     1 |       ||     1
       Vampiric Draining |       |    22 ||    22
       Animate Dead      |       |     4 ||     4
  Use: Scroll            |     5 |     4 ||     9
 Stab: Sleeping          |       |     2 ||     2
  Eat: Chunk             |     5 |       ||     5
       Pizza             |     1 |       ||     1
       Meat ration       |       |     1 ||     1
       Bread ration      |       |     2 ||     2
